 Dungeon Crawl Stone Soup version 0.25-a0-35-g747a2b3c0c (webtiles) character file.

Game seed: 7624496903422327076, levelgen mode: deterministic

53 Conn the Sneak (level 3, -10/22 HPs)
             Began as an Octopode Fire Elementalist on Oct 19, 2019.
             Mangled by an orc
             ... wielding a +0 flail
              (11 damage)
             ... on level 3 of the Dungeon.
             The game lasted 00:03:18 (1709 turns).

Conn the Sneak (Octopode Fire Elementalist)         Turns: 1709, Time: 00:03:21

Health: -10/22     AC:  1    Str:  5 (7)  XL:     3   Next: 87%
Magic:  5/6        EV: 13    Int: 16 (18) God:
Gold:   17         SH:  0    Dex: 11 (12) Spells: 2/6 levels left

rFire    . . .     SeeInvis .   h - +0 short sword (drain)
rCold    . . .     Gourm    .   (no shield)
rNeg     . . .     Faith    .   (helmet restricted)
rPois    .         Spirit   .   (no amulet)
rElec    .         Reflect  .   l - ring of stealth
rCorr    .         Harm     .   (no ring)
MR       .....                  (no ring)
Stlth    ++++......             (no ring)
HPRegen  0.07/turn              (no ring)
MPRegen  0.10/turn              (no ring)
                                (no ring)
                                (no ring)

@: lightly drained
A: almost no armour, stealthy swim, amphibious, 8 rings, constrict 8, camouflage
1, gelatinous body 1
a: no special abilities


You were on level 3 of the Dungeon.
You were not hungry.

You visited 1 branch of the dungeon, and saw 4 of its levels.

You collected 17 gold pieces.

Inventory:

Hand Weapons
 c - a +0 dagger
 h - a +0 short sword of draining (weapon)
Jewellery
 l - a ring of stealth (left tentacle)
Scrolls
 e - 3 scrolls of identify {unknown}
 f - a scroll of immolation {unknown}
 g - a scroll of amnesia {unknown}
 j - a scroll of magic mapping {unknown}
 n - a scroll of enchant weapon {unknown}
 o - a scroll of fear {unknown}
Potions
 a - a potion of curing {unknown}
 d - a potion of cancellation {unknown}
 i - a potion of degeneration
 m - a potion of agility {unknown}
 p - 2 potions of heal wounds {unknown}
Comestibles
 b - 4 rations
 k - a chunk of flesh


   Skills:
 + Level 0.3(0.0) Fighting
 + Level 0.1(0.0) Short Blades
 + Level 2.4(2.1) Dodging
 - Level 3.9(3.6) Stealth
 + Level 2.1(1.8) Spellcasting
 + Level 1.3(1.0) Conjurations
 + Level 3.5(3.2) Fire Magic


You had 2 spell levels left.
You knew the following spells:

 Your Spells              Type           Power        Failure   Level  Hunger
a - Flame Tongue          Conj/Fire      #....        9%          1    ##.....
b - Conjure Flame         Conj/Fire      #.......     26%         3    ####...

Your spell library contained the following spells:

 Spells                   Type           Power        Failure   Level  Hunger
 Throw Flame              Conj/Fire      #.....       14%         2    ###....
 Inner Flame              Hex/Fire       #.......     32%         3    ####...
 Sticky Flame             Conj/Fire      #.......     65%         4    #####..
 Fireball                 Conj/Fire      #.........   94%         5    ######.


Dungeon Overview and Level Annotations

Branches:
Dungeon (4/15)
 Temple: D:4-7

Altars:


Innate Abilities, Weirdness & Mutations

You cannot wear most types of armour.
You are very stealthy in the water. (Stealth+)
You are amphibious.
You can wear up to eight rings at the same time.
You can use your tentacles to constrict eight enemies at once.
Your skin changes colour to match your surroundings (Stealth+).
Your rubbery body absorbs attacks. (AC +1, EV +1)


Message History

You kill the orc!
The bat hits you but does no damage. The bat closely misses you.
The hound zombie closely misses you.
You hit the hound zombie. Your grab misses the hound zombie.
You squeeze the hound zombie.
The hound zombie is moderately damaged.
The bat barely misses you. The hound zombie bites you.
The bat barely misses you. x2
The bat barely misses you. The bat hits you. The orc hits you with a +0 flail!
* * * LOW HITPOINT WARNING * * *
The bat misses you. The hound zombie misses you.
Okay, then.
It was a potion of degeneration.
There was something very wrong with that liquid.
You feel weakened.
You feel dopey.
You feel clumsy. The bat closely misses you. The bat misses you.
The hound zombie bites you but does no damage.
The orc hits you with a +0 flail!
Ouch! That really hurt!
You die...

#......#.#
#...Z..#.#
#...o..#.######
+..o...........
##...o..#......#
#.......)......+
.#####o.......#
#..bZo..#....h
.###...@#..#
####
#.......b...#
#####....#..#
#....#..#
#....#..#
#....#.>#
#....#### ######


You could see an orc priest, an orc, a hound zombie and 2 bats.

Vanquished Creatures
  A gnoll (D:1)
  An adder (D:4)
  An ooze (D:1)
  A worm (D:4)
  A dart slug (D:1)
  A leopard gecko (D:1)
  An orc (D:3)
  3 goblins (D:1)
  3 hobgoblins (D:1)
  3 bats (D:1)
  2 frilled lizards (D:1)
  4 kobolds (D:1)
  3 rats (D:1)
25 creatures vanquished.

Notes
Turn   | Place    | Note
-------+----------+-------------------------------------------
     0 | D:1      | Conn the Octopode Fire Elementalist began the quest for the
                  | Orb.
     0 | D:1      | Reached XP level 1. HP: 11/11 MP: 3/3
   317 | D:1      | Reached XP level 2. HP: 17/17 MP: 3/5
  1038 | D:1      | Reached XP level 3. HP: 20/21 MP: 6/6
  1043 | D:1      | Learned a level 3 spell: Conjure Flame
  1580 | D:2      | You fall into a shaft and drop 2 floors!
  1708 | D:3      | HP: 1/22 [orc/+0 flail (9)]
  1709 | D:3      | Mangled by an orc

Levels and vault maps discovered:
D:1:      lordsloth_arrival_two_stooges, layout_basic
D:2:      layout_loops_corners, chequers_temple_overflow_statue_of_worship,
          minmay_misc_feat_plants
D:3:      layout_basic, grunt_gozag_breadcrumbs, lemuel_coloured_pillars_altar,
          kennysheep_okawaru_gauntlet
D:4:      layout_gridville, first_ration, feat_on_display

Skill      XL: |  1 |
---------------+----+-----
Stealth        | 3 |  3.9
Fighting       | |  0.3
Short Blades   | |  0.1
Dodging        | |  2.4
Spellcasting   | |  2.1
Conjurations   | |  1.3
Fire Magic     | |  3.5

Action                   || total
-------------------------++-------
Melee: Unarmed           ||     6
       Dagger            ||    18
       Constrict         ||    10
       Tentacles         ||     6
       Short sword       ||    24
 Cast: Flame Tongue      ||    23
       Conjure Flame     ||     1
  Use: Potion            ||     1
 Stab: Sleeping          ||     5
  Eat: Chunk             ||     3
Armor: Skin              ||     8
Dodge: Dodged            ||    44

Table legend:
 A = Non-vault XP
 B = Vault XP
 C = Vault XP percentage of total XP
 D = Non-vault monster count
 E = Vault monster count
 F = Vault count percentage of total count
                 A         B        C        D         E       F
            +---------+---------+-------+---------+---------+-------
      Total |      76 |       0 |   0.0 |      25 |       0 |   0.0
            +---------+---------+-------+---------+---------+-------
        D:1 |      55 |       0 |   0.0 |      22 |       0 |   0.0
        D:3 |       3 |       0 |   0.0 |       1 |       0 |   0.0
        D:4 |      18 |       0 |   0.0 |       2 |       0 |   0.0
            +---------+---------+-------+---------+---------+-------
